 Dungeon Crawl Stone Soup version 0.30.1-11-g7821555f0a (webtiles) character file.

Game seed: 17552573797460548616

4 Eitelfritz the Gusty (level 1, -2/10 HPs)
             Began as a Tengu Air Elementalist on Oct 27, 2023.
             Frozen to death by an endoplasm (5 damage)
             ... on level 1 of the Dungeon.
             The game lasted 00:00:38 (96 turns).

Eitelfritz the Gusty (Tengu Air Elementalist)         Turns: 96, Time: 00:00:40

Health: -2/10      AC:  2    Str:  8    XL:     1   Next: 70%
Magic:  3/4        EV: 12    Int: 15    God:
Gold:   12         SH:  0    Dex: 14    Spells: 3/4 levels left

rFire   . . .        (no weapon)
rCold   . . .        (no shield)
rNeg    . . .        a - +0 robe
rPois   .            (helmet restricted)
rElec   .            (no cloak)
rCorr   .            (no gloves)
SInv    .            (boots unavailable)
Will    .....        (no amulet)
Stlth   ++           (no ring)
HPRegen 0.21/turn    (no ring)
MPRegen 0.09/turn

%: no passive effects
@: no status effects
A: beak, talons 3
a: no special abilities


You were on level 1 of the Dungeon.
You visited 1 branch of the dungeon, and saw 1 of its levels.

You collected 12 gold pieces.

Inventory:

Armour
 a - a +0 robe (worn)
Scrolls
 c - a scroll of fog {unknown}
Potions
 b - a potion of magic


   Skills:
 + Level 2.1 Dodging
 + Level 2.0 Stealth
 + Level 2.1 Spellcasting
 + Level 1.3 Conjurations
 + Level 4.2 Air Magic


You had 3 spell levels left.
You knew the following spells:

 Your Spells              Type           Power      Damage    Failure   Level
a - Shock                 Conj/Air       40%        1d5       7%          1

Your spell library contained the following spells:

 Spells                   Type           Power      Damage    Failure   Level
 Static Discharge         Conj/Air       20%        2-3/arc   11%         2
 Swiftness                Air            14%        N/A       12%         3
 Airstrike                Air            7%         2d(1-17)  36%         4


Dungeon Overview and Level Annotations

Branches:
Dungeon (1/15)

Altars:


Innate Abilities, Weirdness & Mutations

You have a beak for a mouth.
You have claws for feet.


Message History

The jackal bites you. The jackal attacks as you move away!
The jackal bites you. The jackal attacks as you move away!
The jackal misses you. The jackal closely misses you.
The jackal barely misses you.
The jackal barks!
The jackal attacks as you move away! The jackal barely misses you.
You hear a bark!
The jackal attacks as you move away! The jackal misses you.
The jackal barely misses you. x2
You closely miss the jackal. Your kick misses the jackal. You peck the jackal.
The jackal is severely wounded.
The jackal bites you but does no damage.
The jackal bites you.
You hit the jackal but do no damage.
The jackal is severely wounded.
The jackal misses you. The jackal barely misses you.
You hit the jackal but do no damage.
The jackal is severely wounded.
The jackal completely misses you. The jackal barely misses you.
The jackal bites you but does no damage.
The jackal bites you.
You closely miss the jackal. Your kick misses the jackal.
The jackal is severely wounded.
The jackal closely misses you. x2
The endoplasm hits you but does no damage.
You closely miss the jackal. You claw the jackal, but do no damage.
The jackal is severely wounded.
The jackal bites you. The jackal barely misses you.
The endoplasm hits you but does no damage.
The jackal bites you.
* * * LOW HITPOINT WARNING * * *
The jackal bites you but does no damage.
You hit the jackal.
You kill the jackal!
The jackal barely misses you. The endoplasm freezes you.
You are frozen.
Ouch! That really hurt!
You die...

.#.#.#.# #.......
#.#.#.#.## #.#.....
.#.#.#.#.# #.#..# # ###
#.#.#.#.####....# .. ###<#
.#.#.#.#.J.h...##...###..##
#.#.#.#.####.#....###...##
.#.#J#.#....J...###....##
#.#.#.#(####..###.....##
#.#.#.#.....##†@....##
#h#######.)....hJ...## #h
####.......## #† ##.....##
.. #.....# hJ #...##.# †.
#..## .# ## #.## .# #.. .#


You could see an endoplasm and a jackal.

Vanquished Creatures
  2 jackals (D:1)
  A kobold (D:1)
  2 bats (D:1)
  A rat (D:1)
6 creatures vanquished.

Notes
Turn   | Place    | Note
-------+----------+-------------------------------------------
     0 | D:1      | Eitelfritz the Tengu Air Elementalist began the quest for
                  | the Orb.
     0 | D:1      | Reached XP level 1. HP: 10/10 MP: 4/4
    96 | D:1      | Frozen to death by an endoplasm

Illustrated notes

Levels and vault maps discovered:
D:1:      minmay_arrival_pointy, layout_basic, minivault_23

Action                     || total
---------------------------++-------
  Melee: Unarmed           ||     6
         Kick              ||     1
         Peck              ||     1
   Cast: Shock             ||     6
 Armour: Robe              ||     6
  Dodge: Dodged            ||    16
